Workbook
Name Decision: [1]lista!$A$6:$A$7
Name PARTICIPACION: [2]lista!$A$15:$A$17
Name PARTICIPACION: [1]lista!$A$15:$A$17
Name Procedencia: [1]lista!$A$2:$A$3
Name tipo: [2]lista!$A$11:$A$13
Name tipo: [1]lista!$A$11:$A$13

Sheet INFO GENERAL Y FINANCIERA
A8: FORMATO INFORMACIÓN GENERAL Y FINANCIERA DE PROVEEDORES
A11: CIUDAD | H11: FECHA | R11: PERSONA | T11: NATURAL
J12: DD | K12: MM | L12: AA | T12: JURIDICA
A13: 1. INFORMACIÓN GENERAL
A14: 1.1. Identificación.
A15: PERSONAS NATURALES | B15: NOMBRE COMERCIAL | I15: NOMBRES Y APELLIDOS | P15: CÉDULA
A18: PERSONAS JURIDICAS | B18: RAZÓN SOCIAL | P18: NIT | V18: DV
A21: DIRECCIÓN | K21: TELÉFONO | N21: FAX | Q21: CIUDAD
A24: PAGINA WEB | K24: TIEMPO DE CONSTITUCION | Q24: OTROS
K25: (Años)
A27: 1.2. Personas de Contacto
A28: GERENTE GENERAL | G28: E-MAIL | P28: TELEFONO | R28: EXT. | S28: CELULAR
A31: DIRECTOR COMERCIAL | G31: E-MAIL | P31: TELEFONO | R31: EXT. | S31: CELULAR
A34: 1.3. Descripción de la Compañía.
A35: PRODUCTOS Y/O SERVICIOS (incluir en esta casilla un listado o breve descripción de los produtos y/o servicios que ofrece la compañía). | V35: NUMERO DE EMPLEADOS
A39: Códigos CIIU
A40: Código de Actividad CIIU a Declarar | E40: Descripción Actividad Económica CIIU | S40: Tarifa por Mil (incluir el valor que corresponda a la agrupación y a la actividad)
A46: 2. INFORMACIÓN FINANCIERA - A DICIEMBRE 31 DE 2011
A47: INDICADOR | G47: DESCRIPCIÓN | P47: VALOR
A48: Patrimonio | G48: Patrimonio total | S48: En pesos
A49: Capital real del proponente | G49: Capital social efectivamente pagado más las reservas constituidas, más las utilidades retenidas, más las utilidades del ejercicio. | S49: En pesos
A50: Liquidez | G50: Activo corriente sobre pasivo corriente | S50: Veces
A51: Nivel de endeudamiento | G51: Pasivo total sobre activo total | S51: Porcentaje
A52: Capital de trabajo | G52: Activo corriente menos pasivo corriente | S52: En pesos
A53: Indicador de Riesgo | G53: Activos fijos sobre el patrimonio neto | S53: Porcentaje
A54: EBITDA | G54: Utilidad operacional más depreciaciones y amortizaciones. | S54: En pesos
A55: Crecimiento EBITDA | G55: EBITDA del último año (2011) sobre el EBITDA del año inmediatamente anterior (2010) | S55: Porcentaje
A56: Rotación del inventario | G56: Costos de ventas sobre inventario | S56: Veces
A57: Ingresos brutos operacionales | S57: En pesos
A58: OTRA INFORMACION RELEVANTE

Sheet INFO EXPERIENCIA
A8: EXPERIENCIA EN CONTRATACION EN LOS ULTIMOS 8 AÑOS
A10: TIPO DE ENTIDAD | B10: ENTIDAD | C10: NUMERO DEL PROCESO DE SELECCIÓN | D10: NUMERO DEL CONTRATO | E10: OBJETO | F10: FECHA DE SUSCRIPCIÓN (DD/MMM/AA) | G10: PLAZO DE EJECUCIÓN (EN AÑOS) | H10: FORMA DE PARTICIPACIÓN (UT, CONSORCIO, INDIVIDUAL) | I10: % DE PARTICIPACIÓN | J10: VALOR TOTAL EJECUTADO DEL CONTRATO | K10: MATERIAL DIDACTICO SUMINISTRADO (NOTA 2) | L10: CANTIDAD DE MATERIAL DIDACTICO SUMINISTRADO (UNIDADES TOTALES)
A19: NOTA 1: Agregar las filas necesarias para reportar la experiencia
A20: NOTA 2: En caso de que en un solo contrato se hubieren suministrado diferentes materiales didacticos y/o juguetes relacionar la totalidad de los elementos.

Sheet RESUMEN
A7: RESUMEN COSTOS PRODUCCIÓN Y DISTRIBUCION DE LOS ELEMENTOS QUE HACEN PARTE DEL KIT DE MATERIAL DIDÁCTICO
A9: ZONAS | B9: CANTIDAD DE KITS | C9: COSTO TOTAL ELEMENTOS POR KIT | D9: COSTO TOTAL DE DISTRIBUCIÓN POR KIT | E9: COSTO TOTAL KIT
A10: ZONA 1 | B10: =+'SDC ZONA 1'!C54 -> 12568 | C10: =+'SDC ZONA 1'!E67 -> 0 | D10: =+'SDC ZONA 1'!G67 -> 0 | E10: =+C10+D10 -> 0
A11: ZONA 2 | B11: =+'SDC ZONA 2'!C53 -> 12904 | C11: =+'SDC ZONA 2'!E66 -> 0 | D11: =+'SDC ZONA 2'!G66 -> 0 | E11: =+C11+D11 -> 0
A12: ZONA 3 | B12: =+'SDC ZONA 3'!C51 -> 12560 | C12: =+'SDC ZONA 3'!E61 -> 0 | D12: =+'SDC ZONA 3'!G61 -> 0 | E12: =+C12+D12 -> 0
A13: ZONA 4 | B13: =+'SDC ZONA 4'!C54 -> 9681 | C13: =+'SDC ZONA 4'!E68 -> 0 | D13: =+'SDC ZONA 4'!G68 -> 0 | E13: =+C13+D13 -> 0
A14: ZONA 5 | B14: =+'SDC ZONA5'!C52 -> 3951 | C14: =+'SDC ZONA5'!E64 -> 0 | D14: =+'SDC ZONA5'!G64 -> 0 | E14: =+C14+D14 -> 0
A15: ZONA 6 | B15: =+'SDC ZONA 6'!C52 -> 2773 | C15: =+'SDC ZONA 6'!E65 -> 0 | D15: =+'SDC ZONA 6'!G65 -> 0 | E15: =+C15+D15 -> 0
A16: TOTALES KITS | B16: =SUM(B10:B15) -> 54437 | C16: =SUM(C10:C15) -> 0 | D16: =SUM(D10:D15) -> 0
A17: COSTO TOTAL DE LOS KITS | E17: =+C16+D16 -> 0

Sheet SDC ZONA 1
A7: FORMATO SOLICITUD DE COTIZACION PRODUCCIÓN Y DISTRIBUCION DE LOS ELEMENTOS QUE HACEN PARTE DEL KIT DE MATERIAL DIDÁCTICO
A8: EMPRESA | E8: CONTACTO: | G8: TEL: | I8: FECHA
A9: CARGO: | E9: E-MAIL: | G9: CEL:
A11: NOTA (1) :Por favor diligenciar solo las celdas en AMARILLO.
A12: NOTA(2): Revisar todos los requierimientos por cadad item que se exponen en el documento "Ficha Tecnica" anexo.
A13: NOTA (3): El valor de la cotización deber ser expresado en PESOS COLOMBIANOS.
A14: NOTA (4): las direcciones de los puntos de entrega se encuentran en el anexo N°2 Sitios de entrega
A15: NOTA (5):Las especificaciones técnicas del material didáctico y de los elementos complementarios del kit se encuentan establecidas en el anexo N° 1 Ficha Técnica de los productos a entregar.
A16: NOTA (6):Los municipios donde se deben distribuir los kits se encuentran detallados en el anexo 2 Sitios de entrega
E18: ZONA | F18: 1
A20: COSTO DEL KIT ZONA 1
A21: ELEMENTOS | B21: SOMBREROS | D21: CANTIDAD | E21: VALOR UNITARIO POR KIT SIN I.V.A | F21: I.V.A. UNITARIO | G21: VALOR UNITARIO I.V.A. INCLUIDO | H21: VALOR TOTAL SIN IVA | I21: I.V.A. TOTAL | J21: VALOR TOTAL I.V.A. INCLUIDO
B22: 1 | C22: Chef | D22: 12568 | F22: =+ROUND(E22*0.16,0) -> 0 | G22: =+ROUND(E22+F22,0) -> 0 | H22: =ROUND(E22*D22,0) -> 0 | I22: =ROUND(H22*0.16,0) -> 0 | J22: =+I22+H22 -> 0
B23: 2 | C23: Constructor | D23: 12568 | F23: =+ROUND(E23*0.16,0) -> 0 | G23: =+ROUND(E23+F23,0) -> 0 | H23: =ROUND(E23*D23,0) -> 0 | I23: =ROUND(H23*0.16,0) -> 0 | J23: =+I23+H23 -> 0
B24: 3 | C24: Bombero | D24: 12568 | F24: =+ROUND(E24*0.16,0) -> 0 | G24: =+ROUND(E24+F24,0) -> 0 | H24: =ROUND(E24*D24,0) -> 0 | I24: =ROUND(H24*0.16,0) -> 0 | J24: =+I24+H24 -> 0
B25: 4 | C25: Cruz Roja | D25: 12568 | F25: =+ROUND(E25*0.16,0) -> 0 | G25: =+ROUND(E25+F25,0) -> 0 | H25: =ROUND(E25*D25,0) -> 0 | I25: =ROUND(H25*0.16,0) -> 0 | J25: =+I25+H25 -> 0
B26: TOTAL SOMBREROS | G26: =SUM(G22:G25) -> 0 | H26: =SUM(H22:H25) -> 0 | I26: =SUM(I22:I25) -> 0 | J26: =SUM(J22:J25) -> 0
B27: MASCARAS | D27: CANTIDAD | E27: VALOR UNITARIO POR KIT SIN I.V.A | F27: I.V.A. UNITARIO | G27: VALOR UNITARIO I.V.A. INCLUIDO | H27: VALOR TOTAL SIN IVA | I27: I.V.A. TOTAL | J27: VALOR TOTAL I.V.A. INCLUIDO
B28: 5 | C28: Jaguar | D28: 12568 | F28: =+ROUND(E28*0.16,0) -> 0 | G28: =+ROUND(E28+F28,0) -> 0 | H28: =ROUND(E28*D28,0) -> 0 | I28: =ROUND(H28*0.16,0) -> 0 | J28: =+I28+H28 -> 0
B29: 6 | C29: Oso de anteojos | D29: 12568 | F29: =+ROUND(E29*0.16,0) -> 0 | G29: =+ROUND(E29+F29,0) -> 0 | H29: =ROUND(E29*D29,0) -> 0 | I29: =ROUND(H29*0.16,0) -> 0 | J29: =+I29+H29 -> 0
B30: 7 | C30: Paujil | D30: 12568 | F30: =+ROUND(E30*0.16,0) -> 0 | G30: =+ROUND(E30+F30,0) -> 0 | H30: =ROUND(E30*D30,0) -> 0 | I30: =ROUND(H30*0.16,0) -> 0 | J30: =+I30+H30 -> 0
B31: 8 | C31: Mariposa emperador | D31: 12568 | F31: =+ROUND(E31*0.16,0) -> 0 | G31: =+ROUND(E31+F31,0) -> 0 | H31: =ROUND(E31*D31,0) -> 0 | I31: =ROUND(H31*0.16,0) -> 0 | J31: =+I31+H31 -> 0
B32: 9 | C32: Pulpo | D32: 12568 | F32: =+ROUND(E32*0.16,0) -> 0 | G32: =+ROUND(E32+F32,0) -> 0 | H32: =ROUND(E32*D32,0) -> 0 | I32: =ROUND(H32*0.16,0) -> 0 | J32: =+I32+H32 -> 0
B33: 10 | C33: Vaca | D33: 12568 | F33: =+ROUND(E33*0.16,0) -> 0 | G33: =+ROUND(E33+F33,0) -> 0 | H33: =ROUND(E33*D33,0) -> 0 | I33: =ROUND(H33*0.16,0) -> 0 | J33: =+I33+H33 -> 0
B34: TOTAL MASCARAS | G34: =SUM(G28:G33) -> 0 | H34: =SUM(H28:H33) -> 0 | I34: =SUM(I28:I33) -> 0 | J34: =SUM(J28:J33) -> 0
B35: JUEGOS | D35: CANTIDAD | E35: VALOR UNITARIO POR KIT SIN I.V.A | F35: I.V.A. UNITARIO | G35: VALOR UNITARIO I.V.A. INCLUIDO | H35: VALOR TOTAL SIN IVA | I35: I.V.A. TOTAL | J35: VALOR TOTAL I.V.A. INCLUIDO
B36: 11 | C36: Juego de Observación | D36: 12568 | F36: =+ROUND(E36*0.16,0) -> 0 | G36: =+ROUND(E36+F36,0) -> 0 | H36: =ROUND(E36*D36,0) -> 0 | I36: =ROUND(H36*0.16,0) -> 0 | J36: =+I36+H36 -> 0
B37: 12 | C37: Juego de fichas de construcción | D37: 12568 | F37: =+ROUND(E37*0.16,0) -> 0 | G37: =+ROUND(E37+F37,0) -> 0 | H37: =ROUND(E37*D37,0) -> 0 | I37: =ROUND(H37*0.16,0) -> 0 | J37: =+I37+H37 -> 0
B38: TOTAL JUEGOS | G38: =SUM(G36:G37) -> 0 | H38: =SUM(H36:H37) -> 0 | I38: =SUM(I36:I37) -> 0 | J38: =SUM(J36:J37) -> 0
B39: 13 | C39: Empaque colectivo | D39: 12568 | F39: =+ROUND(E39*0.16,0) -> 0 | G39: =+ROUND(E39+F39,0) -> 0 | H39: =ROUND(E39*D39,0) -> 0 | I39: =ROUND(H39*0.16,0) -> 0 | J39: =+I39+H39 -> 0
B40: 14 | C40: Cartilla Guia pedagogica | D40: 12568 | F40: =+ROUND(E40*0.16,0) -> 0 | G40: =+ROUND(E40+F40,0) -> 0 | H40: =ROUND(E40*D40,0) -> 0 | I40: =ROUND(H40*0.16,0) -> 0 | J40: =+I40+H40 -> 0
B41: 15 | C41: Sticker empaque colectivo | D41: 12568 | F41: =+ROUND(E41*0.16,0) -> 0 | G41: =+ROUND(E41+F41,0) -> 0 | H41: =ROUND(E41*D41,0) -> 0 | I41: =ROUND(H41*0.16,0) -> 0 | J41: =+I41+H41 -> 0
B42: TOTAL ADCIONALES DEL KIT | G42: =SUM(G39:G41) -> 0 | H42: =SUM(H39:H41) -> 0 | I42: =SUM(I39:I41) -> 0 | J42: =SUM(J39:J41) -> 0
A43: TOTAL COSTO ELEMENTOS ZONA 1 | G43: =SUM(G26,G34,G38,G42) -> 0 | H43: =SUM(H26,H34,H38,H42) -> 0 | I43: =SUM(I26,I34,I38,I42) -> 0 | J43: =SUM(J26,J34,J38,J42) -> 0
A45: DISTRIBUCIÓN ZONA 1
A46: DEPARTAMENTO | C46: CANTIDAD | D46: COSTO UNITARIO DE DISTRIBUCIÓN IVA INCLUIDO | E46: COSTO TOTAL DE DISTRIBUCIÓN
A47: BOLIVAR | C47: 3499 | E47: =D47*C47 -> 0
A48: ATLANTICO | C48: 3126 | E48: =D48*C48 -> 0
A49: CESAR | C49: 1840 | E49: =D49*C49 -> 0
A50: GUAINIA | C50: 24 | E50: =D50*C50 -> 0
A51: LA GUAJIRA | C51: 601 | E51: =D51*C51 -> 0
A52: MAGDALENA | C52: 2796 | E52: =D52*C52 -> 0
A53: META | C53: 682 | E53: =D53*C53 -> 0
A54: TOTAL KITS ZONA 1 | C54: =SUM(C47:C53) -> 12568
A55: TOTAL COSTO DE DISTRIBUCIÓN ZONA 1 | E55: =SUM(E47:E53) -> 0
A57: RESUMEN TOTAL COSTOS KITS POR DEPARTAMENTO
A58: DEPARTAMENTO | C58: CANTIDAD KITS | D58: Elementos | F58: Distribución | H58: Costo Total kits por Departamento
D59: Costo unitario IVA incluido | E59: Costo total IVA incluido | F59: Costo IVA incluido | G59: Costo total IVA incluido
A60: BOLIVAR | C60: =+C47 -> 3499 | D60: =+G43 -> 0 | E60: =+D60*C60 -> 0 | F60: =+D47 -> 0 | G60: =+F60*C60 -> 0 | H60: =+G60+E60 -> 0
A61: ATLANTICO | C61: =+C48 -> 3126 | D61: =+G43 -> 0 | E61: =+D61*C61 -> 0 | F61: =+D48 -> 0 | G61: =+F61*C61 -> 0 | H61: =+G61+E61 -> 0
A62: CESAR | C62: =+C49 -> 1840 | D62: =+G43 -> 0 | E62: =+D62*C62 -> 0 | F62: =+D49 -> 0 | G62: =+F62*C62 -> 0 | H62: =+G62+E62 -> 0
A63: GUAINIA | C63: =+C50 -> 24 | D63: =+G43 -> 0 | E63: =+D63*C63 -> 0 | F63: =+D50 -> 0 | G63: =+F63*C63 -> 0 | H63: =+G63+E63 -> 0
A64: LA GUAJIRA | C64: =+C51 -> 601 | D64: =+G43 -> 0 | E64: =+D64*C64 -> 0 | F64: =+D51 -> 0 | G64: =+F64*C64 -> 0 | H64: =+G64+E64 -> 0
A65: MAGDALENA | C65: =+C52 -> 2796 | D65: =+G43 -> 0 | E65: =+D65*C65 -> 0 | F65: =+D52 -> 0 | G65: =+F65*C65 -> 0 | H65: =+G65+E65 -> 0
A66: META | C66: =+C53 -> 682 | D66: =+G43 -> 0 | E66: =+D66*C66 -> 0 | F66: =+D53 -> 0 | G66: =+F66*C66 -> 0 | H66: =+G66+E66 -> 0
A67: COSTO TOTAL DE KITS ZONA 1 | E67: =SUM(E60:E66) -> 0 | G67: =SUM(G60:G66) -> 0 | H67: =SUM(H60:H66) -> 0
A70: La presente Cotización incluye todos los costos directos e indirectos en que incurra la empresa contratista durante la ejecución del contrato. Así mismo esta cotización cuenta con las obligaciones tributarias de acuerdo con las normas aplicables para el tipo de servicio y contrato correspondiente, y los costos de las pólizas.
A71: La presente cotización incluye todos los gastos para cumplir cabalmente con el contrato, de acuerdo con las especificaciones de la Ficha Técnica del Servicio.
A72: La presente cotización se remite como parte del estudio de mercado, previo a la contratación, y no implica ninguna obligación de contratar.

Sheet SDC ZONA 2
A7: FORMATO SOLICITUD DE COTIZACION PRODUCCIÓN Y DISTRIBUCION DE LOS ELEMENTOS QUE HACEN PARTE DEL KIT DE MATERIAL DIDÁCTICO
A8: EMPRESA | E8: CONTACTO: | G8: TEL: | I8: FECHA
A9: CARGO: | E9: E-MAIL: | G9: CEL:
A11: NOTA (1) :Por favor diligenciar solo las celdas en AMARILLO.
A12: NOTA(2): Revisar todos los requierimientos por cadad item que se exponen en el documento "Ficha Tecnica" anexo.
A13: NOTA (3): El valor de la cotización deber ser expresado en PESOS COLOMBIANOS.
A14: NOTA (4): las direcciones de los puntos de entrega se encuentran en el anexo N°2 Sitios de entrega
A15: NOTA (5):Las especificaciones técnicas del material didáctico y de los elementos complementarios del kit se encuentan establecidas en el anexo N° 1 Ficha Técnica de los productos a entregar.
A16: NOTA (6):Los municipios donde se deben distribuir los kits se encuentran detallados en el anexo 2 Sitios de entrega
E18: ZONA | F18: 2
A20: COSTO DEL KIT ZONA 2
A21: ELEMENTOS | B21: SOMBREROS | D21: CANTIDAD | E21: VALOR UNITARIO POR KIT SIN I.V.A | F21: I.V.A. UNITARIO | G21: VALOR UNITARIO I.V.A. INCLUIDO | H21: VALOR TOTAL SIN IVA | I21: I.V.A. TOTAL | J21: VALOR TOTAL I.V.A. INCLUIDO
B22: 1 | C22: Chef | D22: 12904 | F22: =+ROUND(E22*0.16,0) -> 0 | G22: =+ROUND(E22+F22,0) -> 0 | H22: =ROUND(E22*D22,0) -> 0 | I22: =ROUND(H22*0.16,0) -> 0 | J22: =+I22+H22 -> 0
B23: 2 | C23: Constructor | D23: 12904 | F23: =+ROUND(E23*0.16,0) -> 0 | G23: =+ROUND(E23+F23,0) -> 0 | H23: =ROUND(E23*D23,0) -> 0 | I23: =ROUND(H23*0.16,0) -> 0 | J23: =+I23+H23 -> 0
B24: 3 | C24: Bombero | D24: 12904 | F24: =+ROUND(E24*0.16,0) -> 0 | G24: =+ROUND(E24+F24,0) -> 0 | H24: =ROUND(E24*D24,0) -> 0 | I24: =ROUND(H24*0.16,0) -> 0 | J24: =+I24+H24 -> 0
B25: 4 | C25: Cruz Roja | D25: 12904 | F25: =+ROUND(E25*0.16,0) -> 0 | G25: =+ROUND(E25+F25,0) -> 0 | H25: =ROUND(E25*D25,0) -> 0 | I25: =ROUND(H25*0.16,0) -> 0 | J25: =+I25+H25 -> 0
B26: TOTAL SOMBREROS | G26: =SUM(G22:G25) -> 0 | H26: =SUM(H22:H25) -> 0 | I26: =SUM(I22:I25) -> 0 | J26: =SUM(J22:J25) -> 0
B27: MASCARAS | D27: CANTIDAD | E27: VALOR UNITARIO POR KIT SIN I.V.A | F27: I.V.A. UNITARIO | G27: VALOR UNITARIO I.V.A. INCLUIDO | H27: VALOR TOTAL SIN IVA | I27: I.V.A. TOTAL | J27: VALOR TOTAL I.V.A. INCLUIDO
B28: 5 | C28: Jaguar | D28: 12904 | F28: =+ROUND(E28*0.16,0) -> 0 | G28: =+ROUND(E28+F28,0) -> 0 | H28: =ROUND(E28*D28,0) -> 0 | I28: =ROUND(H28*0.16,0) -> 0 | J28: =+I28+H28 -> 0
B29: 6 | C29: Oso de anteojos | D29: 12904 | F29: =+ROUND(E29*0.16,0) -> 0 | G29: =+ROUND(E29+F29,0) -> 0 | H29: =ROUND(E29*D29,0) -> 0 | I29: =ROUND(H29*0.16,0) -> 0 | J29: =+I29+H29 -> 0
B30: 7 | C30: Paujil | D30: 12904 | F30: =+ROUND(E30*0.16,0) -> 0 | G30: =+ROUND(E30+F30,0) -> 0 | H30: =ROUND(E30*D30,0) -> 0 | I30: =ROUND(H30*0.16,0) -> 0 | J30: =+I30+H30 -> 0
B31: 8 | C31: Mariposa emperador | D31: 12904 | F31: =+ROUND(E31*0.16,0) -> 0 | G31: =+ROUND(E31+F31,0) -> 0 | H31: =ROUND(E31*D31,0) -> 0 | I31: =ROUND(H31*0.16,0) -> 0 | J31: =+I31+H31 -> 0
B32: 9 | C32: Pulpo | D32: 12904 | F32: =+ROUND(E32*0.16,0) -> 0 | G32: =+ROUND(E32+F32,0) -> 0 | H32: =ROUND(E32*D32,0) -> 0 | I32: =ROUND(H32*0.16,0) -> 0 | J32: =+I32+H32 -> 0
B33: 10 | C33: Vaca | D33: 12904 | F33: =+ROUND(E33*0.16,0) -> 0 | G33: =+ROUND(E33+F33,0) -> 0 | H33: =ROUND(E33*D33,0) -> 0 | I33: =ROUND(H33*0.16,0) -> 0 | J33: =+I33+H33 -> 0
B34: TOTAL MASCARAS | G34: =SUM(G28:G33) -> 0 | H34: =SUM(H28:H33) -> 0 | I34: =SUM(I28:I33) -> 0 | J34: =SUM(J28:J33) -> 0
B35: JUEGOS | D35: CANTIDAD | E35: VALOR UNITARIO POR KIT SIN I.V.A | F35: I.V.A. UNITARIO | G35: VALOR UNITARIO I.V.A. INCLUIDO | H35: VALOR TOTAL SIN IVA | I35: I.V.A. TOTAL | J35: VALOR TOTAL I.V.A. INCLUIDO
B36: 11 | C36: Juego de Observación | D36: 12904 | F36: =+ROUND(E36*0.16,0) -> 0 | G36: =+ROUND(E36+F36,0) -> 0 | H36: =ROUND(E36*D36,0) -> 0 | I36: =ROUND(H36*0.16,0) -> 0 | J36: =+I36+H36 -> 0
B37: 12 | C37: Juego de fichas de construcción | D37: 12904 | F37: =+ROUND(E37*0.16,0) -> 0 | G37: =+ROUND(E37+F37,0) -> 0 | H37: =ROUND(E37*D37,0) -> 0 | I37: =ROUND(H37*0.16,0) -> 0 | J37: =+I37+H37 -> 0
B38: TOTAL JUEGOS | G38: =SUM(G36:G37) -> 0 | H38: =SUM(H36:H37) -> 0 | I38: =SUM(I36:I37) -> 0 | J38: =SUM(J36:J37) -> 0
B39: 13 | C39: Empaque colectivo | D39: 12904 | F39: =+ROUND(E39*0.16,0) -> 0 | G39: =+ROUND(E39+F39,0) -> 0 | H39: =ROUND(E39*D39,0) -> 0 | I39: =ROUND(H39*0.16,0) -> 0 | J39: =+I39+H39 -> 0
B40: 14 | C40: Cartilla Guia pedagogica | D40: 12904 | F40: =+ROUND(E40*0.16,0) -> 0 | G40: =+ROUND(E40+F40,0) -> 0 | H40: =ROUND(E40*D40,0) -> 0 | I40: =ROUND(H40*0.16,0) -> 0 | J40: =+I40+H40 -> 0
B41: 15 | C41: Sticker empaque colectivo | D41: 12904 | F41: =+ROUND(E41*0.16,0) -> 0 | G41: =+ROUND(E41+F41,0) -> 0 | H41: =ROUND(E41*D41,0) -> 0 | I41: =ROUND(H41*0.16,0) -> 0 | J41: =+I41+H41 -> 0
B42: TOTAL ADCIONALES DEL KIT | G42: =SUM(G39:G41) -> 0 | H42: =SUM(H39:H41) -> 0 | I42: =SUM(I39:I41) -> 0 | J42: =SUM(J39:J41) -> 0
A43: TOTAL COSTO ELEMENTOS ZONA 2 | G43: =SUM(G26,G34,G38,G42) -> 0 | H43: =SUM(H26,H34,H38,H42) -> 0 | I43: =SUM(I26,I34,I38,I42) -> 0 | J43: =SUM(J26,J34,J38,J42) -> 0
A45: DISTRIBUCIÓN ZONA 2
A46: DEPARTAMENTO | C46: CANTIDAD | D46: COSTO UNITARIO DE DISTRIBUCIÓN IVA INCLUIDO | E46: COSTO TOTAL DE DISTRIBUCIÓN
A47: CAQUETA | C47: 386 | E47: =D47*C47 -> 0
A48: CAUCA | C48: 3173 | E48: =D48*C48 -> 0
A49: HUILA | C49: 1862 | E49: =D49*C49 -> 0
A50: NARIÑO | C50: 3138 | E50: =D50*C50 -> 0
A51: SAN ANDRES | C51: 34 | E51: =D51*C51 -> 0
A52: VALLE DEL CAUCA | C52: 4311 | E52: =D52*C52 -> 0
A53: TOTAL CANTIDAD DE KITS ZONA 2 | C53: =SUM(C47:C52) -> 12904
A54: TOTAL COSTO DE DISTRIBUCIÓN ZONA 2 | E54: =SUM(E47:E52) -> 0
A57: RESUMEN TOTAL COSTOS KITS POR DEPARTAMENTO
A58: DEPARTAMENTO | C58: CANTIDAD KITS | D58: Elementos | F58: Distribución | H58: Costo Total kits por Departamento
D59: Costo unitario IVA incluido | E59: Costo total IVA incluido | F59: Costo IVA incluido | G59: Costo total IVA incluido
A60: CAQUETA | C60: 386 | D60: =+$G$43 -> 0 | E60: =+D60*C60 -> 0 | F60: =+D47 -> 0 | G60: =+F60*C60 -> 0 | H60: =+G60+E60 -> 0
A61: CAUCA | C61: 3173 | D61: =+$G$43 -> 0 | E61: =+D61*C61 -> 0 | F61: =+D48 -> 0 | G61: =+F61*C61 -> 0 | H61: =+G61+E61 -> 0
A62: HUILA | C62: 1862 | D62: =+$G$43 -> 0 | E62: =+D62*C62 -> 0 | F62: =+D49 -> 0 | G62: =+F62*C62 -> 0 | H62: =+G62+E62 -> 0
A63: NARIÑO | C63: 3138 | D63: =+$G$43 -> 0 | E63: =+D63*C63 -> 0 | F63: =+D50 -> 0 | G63: =+F63*C63 -> 0 | H63: =+G63+E63 -> 0
A64: SAN ANDRES | C64: 34 | D64: =+$G$43 -> 0 | E64: =+D64*C64 -> 0 | F64: =+D51 -> 0 | G64: =+F64*C64 -> 0 | H64: =+G64+E64 -> 0
A65: VALLE DEL CAUCA | C65: 4311 | D65: =+$G$43 -> 0 | E65: =+D65*C65 -> 0 | F65: =+D52 -> 0 | G65: =+F65*C65 -> 0 | H65: =+G65+E65 -> 0
A66: COSTO TOTAL DE KITS ZONA 2 | E66: =SUM(E60:E65) -> 0 | G66: =SUM(G60:G65) -> 0 | H66: =SUM(H59:H65) -> 0
A70: La presente Cotización incluye todos los costos directos e indirectos en que incurra la empresa contratista durante la ejecución del contrato. Así mismo esta cotización cuenta con las obligaciones tributarias de acuerdo con las normas aplicables para el tipo de servicio y contrato correspondiente, y los costos de las pólizas.
A71: La presente cotización incluye todos los gastos para cumplir cabalmente con el contrato, de acuerdo con las especificaciones de la Ficha Técnica del Servicio.
A72: La presente cotización se remite como parte del estudio de mercado, previo a la contratación, y no implica ninguna obligación de contratar.

Sheet SDC ZONA 3
A7: FORMATO SOLICITUD DE COTIZACION PRODUCCIÓN Y DISTRIBUCION DE LOS ELEMENTOS QUE HACEN PARTE DEL KIT DE MATERIAL DIDÁCTICO
A8: EMPRESA | E8: CONTACTO: | G8: TEL: | I8: FECHA
A9: CARGO: | E9: E-MAIL: | G9: CEL:
A11: NOTA (1) :Por favor diligenciar solo las celdas en AMARILLO.
A12: NOTA(2): Revisar todos los requierimientos por cadad item que se exponen en el documento "Ficha Tecnica" anexo.
A13: NOTA (3): El valor de la cotización deber ser expresado en PESOS COLOMBIANOS.
A14: NOTA (4): las direcciones de los puntos de entrega se encuentran en el anexo N°2 Sitios de entrega
A15: NOTA (5):Las especificaciones técnicas del material didáctico y de los elementos complementarios del kit se encuentan establecidas en el anexo N° 1 Ficha Técnica de los productos a entregar.
A16: NOTA (6):Los municipios donde se deben distribuir los kits se encuentran detallados en el anexo 2 Sitios de entrega
E18: ZONA | F18: 3
A20: COSTO DEL KIT ZONA 3
A21: ELEMENTOS | B21: SOMBREROS | D21: CANTIDAD | E21: VALOR UNITARIO POR KIT SIN I.V.A | F21: I.V.A. UNITARIO | G21: VALOR UNITARIO I.V.A. INCLUIDO | H21: VALOR TOTAL SIN IVA | I21: I.V.A. TOTAL | J21: VALOR TOTAL I.V.A. INCLUIDO
B22: 1 | C22: Chef | D22: 12560 | F22: =+ROUND(E22*0.16,0) -> 0 | G22: =+ROUND(E22+F22,0) -> 0 | H22: =ROUND(E22*D22,0) -> 0 | I22: =ROUND(H22*0.16,0) -> 0 | J22: =+I22+H22 -> 0
B23: 2 | C23: Constructor | D23: 12560 | F23: =+ROUND(E23*0.16,0) -> 0 | G23: =+ROUND(E23+F23,0) -> 0 | H23: =ROUND(E23*D23,0) -> 0 | I23: =ROUND(H23*0.16,0) -> 0 | J23: =+I23+H23 -> 0
B24: 3 | C24: Bombero | D24: 12560 | F24: =+ROUND(E24*0.16,0) -> 0 | G24: =+ROUND(E24+F24,0) -> 0 | H24: =ROUND(E24*D24,0) -> 0 | I24: =ROUND(H24*0.16,0) -> 0 | J24: =+I24+H24 -> 0
B25: 4 | C25: Cruz Roja | D25: 12560 | F25: =+ROUND(E25*0.16,0) -> 0 | G25: =+ROUND(E25+F25,0) -> 0 | H25: =ROUND(E25*D25,0) -> 0 | I25: =ROUND(H25*0.16,0) -> 0 | J25: =+I25+H25 -> 0
B26: TOTAL SOMBREROS | G26: =SUM(G22:G25) -> 0 | H26: =SUM(H22:H25) -> 0 | I26: =SUM(I22:I25) -> 0 | J26: =SUM(J22:J25) -> 0
B27: MASCARAS | D27: CANTIDAD | E27: VALOR UNITARIO POR KIT SIN I.V.A | F27: I.V.A. UNITARIO | G27: VALOR UNITARIO I.V.A. INCLUIDO | H27: VALOR TOTAL SIN IVA | I27: I.V.A. TOTAL | J27: VALOR TOTAL I.V.A. INCLUIDO
B28: 5 | C28: Jaguar | D28: 12560 | F28: =+ROUND(E28*0.16,0) -> 0 | G28: =+ROUND(E28+F28,0) -> 0 | H28: =ROUND(E28*D28,0) -> 0 | I28: =ROUND(H28*0.16,0) -> 0 | J28: =+I28+H28 -> 0
B29: 6 | C29: Oso de anteojos | D29: 12560 | F29: =+ROUND(E29*0.16,0) -> 0 | G29: =+ROUND(E29+F29,0) -> 0 | H29: =ROUND(E29*D29,0) -> 0 | I29: =ROUND(H29*0.16,0) -> 0 | J29: =+I29+H29 -> 0
B30: 7 | C30: Paujil | D30: 12560 | F30: =+ROUND(E30*0.16,0) -> 0 | G30: =+ROUND(E30+F30,0) -> 0 | H30: =ROUND(E30*D30,0) -> 0 | I30: =ROUND(H30*0.16,0) -> 0 | J30: =+I30+H30 -> 0
B31: 8 | C31: Mariposa emperador | D31: 12560 | F31: =+ROUND(E31*0.16,0) -> 0 | G31: =+ROUND(E31+F31,0) -> 0 | H31: =ROUND(E31*D31,0) -> 0 | I31: =ROUND(H31*0.16,0) -> 0 | J31: =+I31+H31 -> 0
B32: 9 | C32: Pulpo | D32: 12560 | F32: =+ROUND(E32*0.16,0) -> 0 | G32: =+ROUND(E32+F32,0) -> 0 | H32: =ROUND(E32*D32,0) -> 0 | I32: =ROUND(H32*0.16,0) -> 0 | J32: =+I32+H32 -> 0
B33: 10 | C33: Vaca | D33: 12560 | F33: =+ROUND(E33*0.16,0) -> 0 | G33: =+ROUND(E33+F33,0) -> 0 | H33: =ROUND(E33*D33,0) -> 0 | I33: =ROUND(H33*0.16,0) -> 0 | J33: =+I33+H33 -> 0
B34: TOTAL MASCARAS | G34: =SUM(G28:G33) -> 0 | H34: =SUM(H28:H33) -> 0 | I34: =SUM(I28:I33) -> 0 | J34: =SUM(J28:J33) -> 0
B35: JUEGOS | D35: CANTIDAD | E35: VALOR UNITARIO POR KIT SIN I.V.A | F35: I.V.A. UNITARIO | G35: VALOR UNITARIO I.V.A. INCLUIDO | H35: VALOR TOTAL SIN IVA | I35: I.V.A. TOTAL | J35: VALOR TOTAL I.V.A. INCLUIDO
B36: 11 | C36: Juego de Observación | D36: 12560 | F36: =+ROUND(E36*0.16,0) -> 0 | G36: =+ROUND(E36+F36,0) -> 0 | H36: =ROUND(E36*D36,0) -> 0 | I36: =ROUND(H36*0.16,0) -> 0 | J36: =+I36+H36 -> 0
B37: 12 | C37: Juego de fichas de construcción | D37: 12560 | F37: =+ROUND(E37*0.16,0) -> 0 | G37: =+ROUND(E37+F37,0) -> 0 | H37: =ROUND(E37*D37,0) -> 0 | I37: =ROUND(H37*0.16,0) -> 0 | J37: =+I37+H37 -> 0
B38: TOTAL JUEGOS | G38: =SUM(G36:G37) -> 0 | H38: =SUM(H36:H37) -> 0 | I38: =SUM(I36:I37) -> 0 | J38: =SUM(J36:J37) -> 0
B39: 13 | C39: Empaque colectivo | D39: 12560 | F39: =+ROUND(E39*0.16,0) -> 0 | G39: =+ROUND(E39+F39,0) -> 0 | H39: =ROUND(E39*D39,0) -> 0 | I39: =ROUND(H39*0.16,0) -> 0 | J39: =+I39+H39 -> 0
B40: 14 | C40: Cartilla Guia pedagogica | D40: 12560 | F40: =+ROUND(E40*0.16,0) -> 0 | G40: =+ROUND(E40+F40,0) -> 0 | H40: =ROUND(E40*D40,0) -> 0 | I40: =ROUND(H40*0.16,0) -> 0 | J40: =+I40+H40 -> 0
B41: 15 | C41: Sticker empaque colectivo | D41: 12560 | F41: =+ROUND(E41*0.16,0) -> 0 | G41: =+ROUND(E41+F41,0) -> 0 | H41: =ROUND(E41*D41,0) -> 0 | I41: =ROUND(H41*0.16,0) -> 0 | J41: =+I41+H41 -> 0
B42: TOTAL ADCIONALES DEL KIT | G42: =SUM(G39:G41) -> 0 | H42: =SUM(H39:H41) -> 0 | I42: =SUM(I39:I41) -> 0 | J42: =SUM(J39:J41) -> 0
A43: TOTAL COSTO ELEMENTOS ZONA 3 | G43: =SUM(G26,G34,G38,G42) -> 0 | H43: =SUM(H26,H34,H38,H42) -> 0 | I43: =SUM(I26,I34,I38,I42) -> 0 | J43: =SUM(J26,J34,J38,J42) -> 0
A45: DISTRIBUCIÓN ZONA 3
A46: DEPARTAMENTO | C46: CANTIDAD | D46: COSTO UNITARIO DE DISTRIBUCIÓN IVA INCLUIDO | E46: COSTO TOTAL DE DISTRIBUCIÓN
A47: ANTIOQUIA | C47: 5883 | E47: =D47*C47 -> 0
A48: CHOCO | C48: 1202 | E48: =D48*C48 -> 0
A49: CORDOBA | C49: 3286 | E49: =D49*C49 -> 0
A50: SUCRE | C50: 2189 | E50: =D50*C50 -> 0
A51: TOTAL CANTIDAD DE KITS ZONA 3 | C51: =SUM(C47:C50) -> 12560
A52: TOTAL COSTO DE DISTRIBUCIÓN ZONA 3 | E52: =SUM(E47:E50) -> 0
A54: RESUMEN TOTAL COSTOS KITS POR DEPARTAMENTO
A55: DEPARTAMENTO | C55: CANTIDAD KITS | D55: Elementos | F55: Distribución | H55: Costo Total kits por Departamento
D56: Costo unitario IVA incluido | E56: Costo total IVA incluido | F56: Costo IVA incluido | G56: Costo total IVA incluido
A57: ANTIOQUIA | C57: 5883 | D57: =+$G$43 -> 0 | E57: =+D57*C57 -> 0 | F57: =+D47 -> 0 | G57: =+F57*C57 -> 0 | H57: =+G57+E57 -> 0
A58: CHOCO | C58: 1202 | D58: =+$G$43 -> 0 | E58: =+D58*C58 -> 0 | F58: =+D48 -> 0 | G58: =+F58*C58 -> 0 | H58: =+G58+E58 -> 0
A59: CORDOBA | C59: 3286 | D59: =+$G$43 -> 0 | E59: =+D59*C59 -> 0 | F59: =+D49 -> 0 | G59: =+F59*C59 -> 0 | H59: =+G59+E59 -> 0
A60: SUCRE | C60: 2189 | D60: =+$G$43 -> 0 | E60: =+D60*C60 -> 0 | F60: =+D50 -> 0 | G60: =+F60*C60 -> 0 | H60: =+G60+E60 -> 0
A61: COSTO TOTAL DE KITS ZONA 3 | E61: =SUM(E57:E60) -> 0 | G61: =SUM(G57:G60) -> 0 | H61: =SUM(H54:H60) -> 0
A67: La presente Cotización incluye todos los costos directos e indirectos en que incurra la empresa contratista durante la ejecución del contrato. Así mismo esta cotización cuenta con las obligaciones tributarias de acuerdo con las normas aplicables para el tipo de servicio y contrato correspondiente, y los costos de las pólizas.
A68: La presente cotización incluye todos los gastos para cumplir cabalmente con el contrato, de acuerdo con las especificaciones de la Ficha Técnica del Servicio.
A69: La presente cotización se remite como parte del estudio de mercado, previo a la contratación, y no implica ninguna obligación de contratar.

Sheet SDC ZONA 4
A7: FORMATO SOLICITUD DE COTIZACION PRODUCCIÓN Y DISTRIBUCION DE LOS ELEMENTOS QUE HACEN PARTE DEL KIT DE MATERIAL DIDÁCTICO
A8: EMPRESA | E8: CONTACTO: | G8: TEL: | I8: FECHA
A9: CARGO: | E9: E-MAIL: | G9: CEL:
A11: NOTA (1) :Por favor diligenciar solo las celdas en AMARILLO.
A12: NOTA(2): Revisar todos los requierimientos por cadad item que se exponen en el documento "Ficha Tecnica" anexo.
A13: NOTA (3): El valor de la cotización deber ser expresado en PESOS COLOMBIANOS.
A14: NOTA (4): las direcciones de los puntos de entrega se encuentran en el anexo N°2 Sitios de entrega
A15: NOTA (5):Las especificaciones técnicas del material didáctico y de los elementos complementarios del kit se encuentan establecidas en el anexo N° 1 Ficha Técnica de los productos a entregar.
A16: NOTA (6):Los municipios donde se deben distribuir los kits se encuentran detallados en el anexo 2 Sitios de entrega
E18: ZONA | F18: 4
A20: COSTO DEL KIT ZONA 4
A21: ELEMENTOS | B21: SOMBREROS | D21: CANTIDAD | E21: VALOR UNITARIO POR KIT SIN I.V.A | F21: I.V.A. UNITARIO | G21: VALOR UNITARIO I.V.A. INCLUIDO | H21: VALOR TOTAL SIN IVA | I21: I.V.A. TOTAL | J21: VALOR TOTAL I.V.A. INCLUIDO
B22: 1 | C22: Chef | D22: 9681 | F22: =+ROUND(E22*0.16,0) -> 0 | G22: =+ROUND(E22+F22,0) -> 0 | H22: =ROUND(E22*D22,0) -> 0 | I22: =ROUND(H22*0.16,0) -> 0 | J22: =+I22+H22 -> 0
B23: 2 | C23: Constructor | D23: 9681 | F23: =+ROUND(E23*0.16,0) -> 0 | G23: =+ROUND(E23+F23,0) -> 0 | H23: =ROUND(E23*D23,0) -> 0 | I23: =ROUND(H23*0.16,0) -> 0 | J23: =+I23+H23 -> 0
B24: 3 | C24: Bombero | D24: 9681 | F24: =+ROUND(E24*0.16,0) -> 0 | G24: =+ROUND(E24+F24,0) -> 0 | H24: =ROUND(E24*D24,0) -> 0 | I24: =ROUND(H24*0.16,0) -> 0 | J24: =+I24+H24 -> 0
B25: 4 | C25: Cruz Roja | D25: 9681 | F25: =+ROUND(E25*0.16,0) -> 0 | G25: =+ROUND(E25+F25,0) -> 0 | H25: =ROUND(E25*D25,0) -> 0 | I25: =ROUND(H25*0.16,0) -> 0 | J25: =+I25+H25 -> 0
B26: TOTAL SOMBREROS | G26: =SUM(G22:G25) -> 0 | H26: =SUM(H22:H25) -> 0 | I26: =SUM(I22:I25) -> 0 | J26: =SUM(J22:J25) -> 0
B27: MASCARAS | D27: CANTIDAD | E27: VALOR UNITARIO POR KIT SIN I.V.A | F27: I.V.A. UNITARIO | G27: VALOR UNITARIO I.V.A. INCLUIDO | H27: VALOR TOTAL SIN IVA | I27: I.V.A. TOTAL | J27: VALOR TOTAL I.V.A. INCLUIDO
B28: 5 | C28: Jaguar | D28: 9681 | F28: =+ROUND(E28*0.16,0) -> 0 | G28: =+ROUND(E28+F28,0) -> 0 | H28: =ROUND(E28*D28,0) -> 0 | I28: =ROUND(H28*0.16,0) -> 0 | J28: =+I28+H28 -> 0
B29: 6 | C29: Oso de anteojos | D29: 9681 | F29: =+ROUND(E29*0.16,0) -> 0 | G29: =+ROUND(E29+F29,0) -> 0 | H29: =ROUND(E29*D29,0) -> 0 | I29: =ROUND(H29*0.16,0) -> 0 | J29: =+I29+H29 -> 0
B30: 7 | C30: Paujil | D30: 9681 | F30: =+ROUND(E30*0.16,0) -> 0 | G30: =+ROUND(E30+F30,0) -> 0 | H30: =ROUND(E30*D30,0) -> 0 | I30: =ROUND(H30*0.16,0) -> 0 | J30: =+I30+H30 -> 0
B31: 8 | C31: Mariposa emperador | D31: 9681 | F31: =+ROUND(E31*0.16,0) -> 0 | G31: =+ROUND(E31+F31,0) -> 0 | H31: =ROUND(E31*D31,0) -> 0 | I31: =ROUND(H31*0.16,0) -> 0 | J31: =+I31+H31 -> 0
B32: 9 | C32: Pulpo | D32: 9681 | F32: =+ROUND(E32*0.16,0) -> 0 | G32: =+ROUND(E32+F32,0) -> 0 | H32: =ROUND(E32*D32,0) -> 0 | I32: =ROUND(H32*0.16,0) -> 0 | J32: =+I32+H32 -> 0
B33: 10 | C33: Vaca | D33: 9681 | F33: =+ROUND(E33*0.16,0) -> 0 | G33: =+ROUND(E33+F33,0) -> 0 | H33: =ROUND(E33*D33,0) -> 0 | I33: =ROUND(H33*0.16,0) -> 0 | J33: =+I33+H33 -> 0
B34: TOTAL MASCARAS | G34: =SUM(G28:G33) -> 0 | H34: =SUM(H28:H33) -> 0 | I34: =SUM(I28:I33) -> 0 | J34: =SUM(J28:J33) -> 0
B35: JUEGOS | D35: CANTIDAD | E35: VALOR UNITARIO POR KIT SIN I.V.A | F35: I.V.A. UNITARIO | G35: VALOR UNITARIO I.V.A. INCLUIDO | H35: VALOR TOTAL SIN IVA | I35: I.V.A. TOTAL | J35: VALOR TOTAL I.V.A. INCLUIDO
B36: 11 | C36: Juego de Observación | D36: 9681 | F36: =+ROUND(E36*0.16,0) -> 0 | G36: =+ROUND(E36+F36,0) -> 0 | H36: =ROUND(E36*D36,0) -> 0 | I36: =ROUND(H36*0.16,0) -> 0 | J36: =+I36+H36 -> 0
B37: 12 | C37: Juego de fichas de construcción | D37: 9681 | F37: =+ROUND(E37*0.16,0) -> 0 | G37: =+ROUND(E37+F37,0) -> 0 | H37: =ROUND(E37*D37,0) -> 0 | I37: =ROUND(H37*0.16,0) -> 0 | J37: =+I37+H37 -> 0
B38: TOTAL JUEGOS | G38: =SUM(G36:G37) -> 0 | H38: =SUM(H36:H37) -> 0 | I38: =SUM(I36:I37) -> 0 | J38: =SUM(J36:J37) -> 0
B39: 13 | C39: Empaque colectivo | D39: 9681 | F39: =+ROUND(E39*0.16,0) -> 0 | G39: =+ROUND(E39+F39,0) -> 0 | H39: =ROUND(E39*D39,0) -> 0 | I39: =ROUND(H39*0.16,0) -> 0 | J39: =+I39+H39 -> 0
B40: 14 | C40: Cartilla Guia pedagogica | D40: 9681 | F40: =+ROUND(E40*0.16,0) -> 0 | G40: =+ROUND(E40+F40,0) -> 0 | H40: =ROUND(E40*D40,0) -> 0 | I40: =ROUND(H40*0.16,0) -> 0 | J40: =+I40+H40 -> 0
B41: 15 | C41: Sticker empaque colectivo | D41: 9681 | F41: =+ROUND(E41*0.16,0) -> 0 | G41: =+ROUND(E41+F41,0) -> 0 | H41: =ROUND(E41*D41,0) -> 0 | I41: =ROUND(H41*0.16,0) -> 0 | J41: =+I41+H41 -> 0
B42: TOTAL ADCIONALES DEL KIT | G42: =SUM(G39:G41) -> 0 | H42: =SUM(H39:H41) -> 0 | I42: =SUM(I39:I41) -> 0 | J42: =SUM(J39:J41) -> 0
A43: TOTAL COSTO ELEMENTOS ZONA 4 | G43: =SUM(G26,G34,G38,G42) -> 0 | H43: =SUM(H26,H34,H38,H42) -> 0 | I43: =SUM(I26,I34,I38,I42) -> 0 | J43: =SUM(J26,J34,J38,J42) -> 0
A45: DISTRIBUCIÓN ZONA 4
A46: DEPARTAMENTO | C46: CANTIDAD | D46: COSTO UNITARIO DE DISTRIBUCIÓN | E46: COSTO TOTAL DE DISTRIBUCIÓN
A47: BOGOTA | C47: 5825 | E47: =D47*C47 -> 0
A48: BOYACA | C48: 1826 | E48: =D48*C48 -> 0
A49: CUNDINAMARCA | C49: 1585 | E49: =D49*C49 -> 0
A50: GUAVIARE | C50: 40 | E50: =D50*C50 -> 0
A51: PUTUMAYO | C51: 322 | E51: =D51*C51 -> 0
A52: VAUPES | C52: 38 | E52: =D52*C52 -> 0
A53: SEDE NACIONAL | C53: 45 | E53: =D53*C53 -> 0
A54: TOTAL CANTIDAD DE KITS ZONA 4 | C54: =SUM(C47:C53) -> 9681
A55: TOTAL DISTRIBUCIÓN KITS ZONA 4 | E55: =SUM(E47:E53) -> 0
A58: RESUMEN TOTAL COSTOS KITS POR DEPARTAMENTO
A59: DEPARTAMENTO | C59: CANTIDAD KITS | D59: Elementos | F59: Distribución | H59: Costo Total kits por Departamento
D60: Costo unitario IVA incluido | E60: Costo total IVA incluido | F60: Costo IVA incluido | G60: Costo total IVA incluido
A61: BOGOTA | C61: 5825 | D61: =+$G$43 -> 0 | E61: =+D61*C61 -> 0 | F61: =+D47 -> 0 | G61: =+F61*C61 -> 0 | H61: =+G61+E61 -> 0
A62: BOYACA | C62: 1826 | D62: =+$G$43 -> 0 | E62: =+D62*C62 -> 0 | F62: =+D48 -> 0 | G62: =+F62*C62 -> 0 | H62: =+G62+E62 -> 0
A63: CUNDINAMARCA | C63: 1585 | D63: =+$G$43 -> 0 | E63: =+D63*C63 -> 0 | F63: =+D49 -> 0 | G63: =+F63*C63 -> 0 | H63: =+G63+E63 -> 0
A64: GUAVIARE | C64: 40 | D64: =+$G$43 -> 0 | E64: =+D64*C64 -> 0 | F64: =+D50 -> 0 | G64: =+F64*C64 -> 0 | H64: =+G64+E64 -> 0
A65: PUTUMAYO | C65: 322 | D65: =+$G$43 -> 0 | E65: =+D65*C65 -> 0 | F65: =+D51 -> 0 | G65: =+F65*C65 -> 0 | H65: =+G65+E65 -> 0
A66: VAUPES | C66: 38 | D66: =+$G$43 -> 0 | E66: =+D66*C66 -> 0 | F66: =+D52 -> 0 | G66: =+F66*C66 -> 0 | H66: =+G66+E66 -> 0
A67: SEDE NACIONAL | C67: 45 | D67: =+$G$43 -> 0 | E67: =+D67*C67 -> 0 | F67: =+D53 -> 0 | G67: =+F67*C67 -> 0 | H67: =+G67+E67 -> 0
A68: COSTO TOTAL DE KITS ZONA 4 | E68: =SUM(E61:E67) -> 0 | G68: =SUM(G61:G67) -> 0 | H68: =SUM(H61:H67) -> 0
A74: La presente Cotización incluye todos los costos directos e indirectos en que incurra la empresa contratista durante la ejecución del contrato. Así mismo esta cotización cuenta con las obligaciones tributarias de acuerdo con las normas aplicables para el tipo de servicio y contrato correspondiente, y los costos de las pólizas.
A75: La presente cotización incluye todos los gastos para cumplir cabalmente con el contrato, de acuerdo con las especificaciones de la Ficha Técnica del Servicio.
A76: La presente cotización se remite como parte del estudio de mercado, previo a la contratación, y no implica ninguna obligación de contratar.

Sheet SDC ZONA5
A7: FORMATO SOLICITUD DE COTIZACION PRODUCCIÓN Y DISTRIBUCION DE LOS ELEMENTOS QUE HACEN PARTE DEL KIT DE MATERIAL DIDÁCTICO
A8: EMPRESA | E8: CONTACTO: | G8: TEL: | I8: FECHA
A9: CARGO: | E9: E-MAIL: | G9: CEL:
A11: NOTA (1) :Por favor diligenciar solo las celdas en AMARILLO.
A12: NOTA(2): Revisar todos los requierimientos por cadad item que se exponen en el documento "Ficha Tecnica" anexo.
A13: NOTA (3): El valor de la cotización deber ser expresado en PESOS COLOMBIANOS.
A14: NOTA (4): las direcciones de los puntos de entrega se encuentran en el anexo N°2 Sitios de entrega
A15: NOTA (5):Las especificaciones técnicas del material didáctico y de los elementos complementarios del kit se encuentan establecidas en el anexo N° 1 Ficha Técnica de los productos a entregar.
A16: NOTA (6):Los municipios donde se deben distribuir los kits se encuentran detallados en el anexo 2 Sitios de entrega
E18: ZONA | F18: 5
A20: COSTO DEL KIT ZONA 5
A21: ELEMENTOS | B21: SOMBREROS | D21: CANTIDAD | E21: VALOR UNITARIO POR KIT SIN I.V.A | F21: I.V.A. UNITARIO | G21: VALOR UNITARIO I.V.A. INCLUIDO | H21: VALOR TOTAL SIN IVA | I21: I.V.A. TOTAL | J21: VALOR TOTAL I.V.A. INCLUIDO
B22: 1 | C22: Chef | D22: 3951 | F22: =+ROUND(E22*0.16,0) -> 0 | G22: =+ROUND(E22+F22,0) -> 0 | H22: =ROUND(E22*D22,0) -> 0 | I22: =ROUND(H22*0.16,0) -> 0 | J22: =+I22+H22 -> 0
B23: 2 | C23: Constructor | D23: 3951 | F23: =+ROUND(E23*0.16,0) -> 0 | G23: =+ROUND(E23+F23,0) -> 0 | H23: =ROUND(E23*D23,0) -> 0 | I23: =ROUND(H23*0.16,0) -> 0 | J23: =+I23+H23 -> 0
B24: 3 | C24: Bombero | D24: 3951 | F24: =+ROUND(E24*0.16,0) -> 0 | G24: =+ROUND(E24+F24,0) -> 0 | H24: =ROUND(E24*D24,0) -> 0 | I24: =ROUND(H24*0.16,0) -> 0 | J24: =+I24+H24 -> 0
B25: 4 | C25: Cruz Roja | D25: 3951 | F25: =+ROUND(E25*0.16,0) -> 0 | G25: =+ROUND(E25+F25,0) -> 0 | H25: =ROUND(E25*D25,0) -> 0 | I25: =ROUND(H25*0.16,0) -> 0 | J25: =+I25+H25 -> 0
B26: TOTAL SOMBREROS | G26: =SUM(G22:G25) -> 0 | H26: =SUM(H22:H25) -> 0 | I26: =SUM(I22:I25) -> 0 | J26: =SUM(J22:J25) -> 0
B27: MASCARAS | D27: CANTIDAD | E27: VALOR UNITARIO POR KIT SIN I.V.A | F27: I.V.A. UNITARIO | G27: VALOR UNITARIO I.V.A. INCLUIDO | H27: VALOR TOTAL SIN IVA | I27: I.V.A. TOTAL | J27: VALOR TOTAL I.V.A. INCLUIDO
B28: 5 | C28: Jaguar | D28: 3951 | F28: =+ROUND(E28*0.16,0) -> 0 | G28: =+ROUND(E28+F28,0) -> 0 | H28: =ROUND(E28*D28,0) -> 0 | I28: =ROUND(H28*0.16,0) -> 0 | J28: =+I28+H28 -> 0
B29: 6 | C29: Oso de anteojos | D29: 3951 | F29: =+ROUND(E29*0.16,0) -> 0 | G29: =+ROUND(E29+F29,0) -> 0 | H29: =ROUND(E29*D29,0) -> 0 | I29: =ROUND(H29*0.16,0) -> 0 | J29: =+I29+H29 -> 0
B30: 7 | C30: Paujil | D30: 3951 | F30: =+ROUND(E30*0.16,0) -> 0 | G30: =+ROUND(E30+F30,0) -> 0 | H30: =ROUND(E30*D30,0) -> 0 | I30: =ROUND(H30*0.16,0) -> 0 | J30: =+I30+H30 -> 0
B31: 8 | C31: Mariposa emperador | D31: 3951 | F31: =+ROUND(E31*0.16,0) -> 0 | G31: =+ROUND(E31+F31,0) -> 0 | H31: =ROUND(E31*D31,0) -> 0 | I31: =ROUND(H31*0.16,0) -> 0 | J31: =+I31+H31 -> 0
B32: 9 | C32: Pulpo | D32: 3951 | F32: =+ROUND(E32*0.16,0) -> 0 | G32: =+ROUND(E32+F32,0) -> 0 | H32: =ROUND(E32*D32,0) -> 0 | I32: =ROUND(H32*0.16,0) -> 0 | J32: =+I32+H32 -> 0
B33: 10 | C33: Vaca | D33: 3951 | F33: =+ROUND(E33*0.16,0) -> 0 | G33: =+ROUND(E33+F33,0) -> 0 | H33: =ROUND(E33*D33,0) -> 0 | I33: =ROUND(H33*0.16,0) -> 0 | J33: =+I33+H33 -> 0
B34: TOTAL MASCARAS | G34: =SUM(G28:G33) -> 0 | H34: =SUM(H28:H33) -> 0 | I34: =SUM(I28:I33) -> 0 | J34: =SUM(J28:J33) -> 0
B35: JUEGOS | D35: CANTIDAD | E35: VALOR UNITARIO POR KIT SIN I.V.A | F35: I.V.A. UNITARIO | G35: VALOR UNITARIO I.V.A. INCLUIDO | H35: VALOR TOTAL SIN IVA | I35: I.V.A. TOTAL | J35: VALOR TOTAL I.V.A. INCLUIDO
B36: 11 | C36: Juego de Observación | D36: 3951 | F36: =+ROUND(E36*0.16,0) -> 0 | G36: =+ROUND(E36+F36,0) -> 0 | H36: =ROUND(E36*D36,0) -> 0 | I36: =ROUND(H36*0.16,0) -> 0 | J36: =+I36+H36 -> 0
B37: 12 | C37: Juego de fichas de construcción | D37: 3951 | F37: =+ROUND(E37*0.16,0) -> 0 | G37: =+ROUND(E37+F37,0) -> 0 | H37: =ROUND(E37*D37,0) -> 0 | I37: =ROUND(H37*0.16,0) -> 0 | J37: =+I37+H37 -> 0
B38: TOTAL JUEGOS | G38: =SUM(G36:G37) -> 0 | H38: =SUM(H36:H37) -> 0 | I38: =SUM(I36:I37) -> 0 | J38: =SUM(J36:J37) -> 0
B39: 13 | C39: Empaque colectivo | D39: 3951 | F39: =+ROUND(E39*0.16,0) -> 0 | G39: =+ROUND(E39+F39,0) -> 0 | H39: =ROUND(E39*D39,0) -> 0 | I39: =ROUND(H39*0.16,0) -> 0 | J39: =+I39+H39 -> 0
B40: 14 | C40: Cartilla Guia pedagogica | D40: 3951 | F40: =+ROUND(E40*0.16,0) -> 0 | G40: =+ROUND(E40+F40,0) -> 0 | H40: =ROUND(E40*D40,0) -> 0 | I40: =ROUND(H40*0.16,0) -> 0 | J40: =+I40+H40 -> 0
B41: 15 | C41: Sticker empaque colectivo | D41: 3951 | F41: =+ROUND(E41*0.16,0) -> 0 | G41: =+ROUND(E41+F41,0) -> 0 | H41: =ROUND(E41*D41,0) -> 0 | I41: =ROUND(H41*0.16,0) -> 0 | J41: =+I41+H41 -> 0
B42: TOTAL ADCIONALES DEL KIT | G42: =SUM(G39:G41) -> 0 | H42: =SUM(H39:H41) -> 0 | I42: =SUM(I39:I41) -> 0 | J42: =SUM(J39:J41) -> 0
A43: TOTAL COSTO ELEMENTOS ZONA 5 | G43: =SUM(G26,G34,G38,G42) -> 0 | H43: =SUM(H26,H34,H38,H42) -> 0 | I43: =SUM(I26,I34,I38,I42) -> 0 | J43: =SUM(J26,J34,J38,J42) -> 0
A45: DISTRIBUCIÓN ZONA 5
A46: DEPARTAMENTO | C46: CANTIDAD | D46: COSTO UNITARIO DE DISTRIBUCIÓN | E46: COSTO TOTAL DE DISTRIBUCIÓN
A47: ARAUCA | C47: 127 | E47: =+D47*C47 -> 0
A48: CASANARE | C48: 34 | E48: =+D48*C48 -> 0
A49: NORTE DE SANTANDER | C49: 1533 | E49: =+D49*C49 -> 0
A50: SANTANDER | C50: 2235 | E50: =+D50*C50 -> 0
A51: VICHADA | C51: 22 | E51: =+D51*C51 -> 0
A52: TOTAL CANTDAD DE KITS ZONA 5 | C52: =SUM(C47:C51) -> 3951
A53: TOTAL COSTO DE DISTRIBUCIÓN ZONA 5 | E53: =SUM(E47:E51) -> 0
A56: RESUMEN TOTAL COSTOS KITS POR DEPARTAMENTO
A57: DEPARTAMENTO | C57: CANTIDAD KITS | D57: Elementos | F57: Distribución | H57: Costo Total kits por Departamento
D58: Costo unitario IVA incluido | E58: Costo total IVA incluido | F58: Costo IVA incluido | G58: Costo total IVA incluido
A59: ARAUCA | C59: 127 | D59: =+$G$43 -> 0 | E59: =+D59*C59 -> 0 | F59: =+D47 -> 0 | G59: =+F59*C59 -> 0 | H59: =+G59+E59 -> 0
A60: CASANARE | C60: 34 | D60: =+$G$43 -> 0 | E60: =+D60*C60 -> 0 | F60: =+D48 -> 0 | G60: =+F60*C60 -> 0 | H60: =+G60+E60 -> 0
A61: NORTE DE SANTANDER | C61: 1533 | D61: =+$G$43 -> 0 | E61: =+D61*C61 -> 0 | F61: =+D49 -> 0 | G61: =+F61*C61 -> 0 | H61: =+G61+E61 -> 0
A62: SANTANDER | C62: 2235 | D62: =+$G$43 -> 0 | E62: =+D62*C62 -> 0 | F62: =+D50 -> 0 | G62: =+F62*C62 -> 0 | H62: =+G62+E62 -> 0
A63: VICHADA | C63: 22 | D63: =+$G$43 -> 0 | E63: =+D63*C63 -> 0 | F63: =+D51 -> 0 | G63: =+F63*C63 -> 0 | H63: =+G63+E63 -> 0
A64: COSTO TOTAL DE KITS ZONA 5 | E64: =SUM(E59:E63) -> 0 | G64: =SUM(G59:G63) -> 0 | H64: =SUM(H59:H63) -> 0
A67: La presente Cotización incluye todos los costos directos e indirectos en que incurra la empresa contratista durante la ejecución del contrato. Así mismo esta cotización cuenta con las obligaciones tributarias de acuerdo con las normas aplicables para el tipo de servicio y contrato correspondiente, y los costos de las pólizas.
A68: La presente cotización incluye todos los gastos para cumplir cabalmente con el contrato, de acuerdo con las especificaciones de la Ficha Técnica del Servicio.
A69: La presente cotización se remite como parte del estudio de mercado, previo a la contratación, y no implica ninguna obligación de contratar.

Sheet SDC ZONA 6
A7: FORMATO SOLICITUD DE COTIZACION PRODUCCIÓN Y DISTRIBUCION DE LOS ELEMENTOS QUE HACEN PARTE DEL KIT DE MATERIAL DIDÁCTICO
A8: EMPRESA | E8: CONTACTO: | G8: TEL: | I8: FECHA
A9: CARGO: | E9: E-MAIL: | G9: CEL:
A11: NOTA (1) :Por favor diligenciar solo las celdas en AMARILLO.
A12: NOTA(2): Revisar todos los requierimientos por cadad item que se exponen en el documento "Ficha Tecnica" anexo.
A13: NOTA (3): El valor de la cotización deber ser expresado en PESOS COLOMBIANOS.
A14: NOTA (4): las direcciones de los puntos de entrega se encuentran en el anexo N°2 Sitios de entrega
A15: NOTA (5):Las especificaciones técnicas del material didáctico y de los elementos complementarios del kit se encuentan establecidas en el anexo N° 1 Ficha Técnica de los productos a entregar.
A16: NOTA (6):Los municipios donde se deben distribuir los kits se encuentran detallados en el anexo 2 Sitios de entrega
E18: ZONA | F18: 6
A20: COSTO DEL KIT ZONA 6
A21: ELEMENTOS | B21: SOMBREROS | D21: CANTIDAD | E21: VALOR UNITARIO POR KIT SIN I.V.A | F21: I.V.A. UNITARIO | G21: VALOR UNITARIO I.V.A. INCLUIDO | H21: VALOR TOTAL SIN IVA | I21: I.V.A. TOTAL | J21: VALOR TOTAL I.V.A. INCLUIDO
B22: 1 | C22: Chef | D22: 2773 | F22: =+ROUND(E22*0.16,0) -> 0 | G22: =+ROUND(E22+F22,0) -> 0 | H22: =ROUND(E22*D22,0) -> 0 | I22: =ROUND(H22*0.16,0) -> 0 | J22: =+I22+H22 -> 0
B23: 2 | C23: Constructor | D23: 2773 | F23: =+ROUND(E23*0.16,0) -> 0 | G23: =+ROUND(E23+F23,0) -> 0 | H23: =ROUND(E23*D23,0) -> 0 | I23: =ROUND(H23*0.16,0) -> 0 | J23: =+I23+H23 -> 0
B24: 3 | C24: Bombero | D24: 2773 | F24: =+ROUND(E24*0.16,0) -> 0 | G24: =+ROUND(E24+F24,0) -> 0 | H24: =ROUND(E24*D24,0) -> 0 | I24: =ROUND(H24*0.16,0) -> 0 | J24: =+I24+H24 -> 0
B25: 4 | C25: Cruz Roja | D25: 2773 | F25: =+ROUND(E25*0.16,0) -> 0 | G25: =+ROUND(E25+F25,0) -> 0 | H25: =ROUND(E25*D25,0) -> 0 | I25: =ROUND(H25*0.16,0) -> 0 | J25: =+I25+H25 -> 0
B26: TOTAL SOMBREROS | G26: =SUM(G22:G25) -> 0 | H26: =SUM(H22:H25) -> 0 | I26: =SUM(I22:I25) -> 0 | J26: =SUM(J22:J25) -> 0
B27: MASCARAS | D27: CANTIDAD | E27: VALOR UNITARIO POR KIT SIN I.V.A | F27: I.V.A. UNITARIO | G27: VALOR UNITARIO I.V.A. INCLUIDO | H27: VALOR TOTAL SIN IVA | I27: I.V.A. TOTAL | J27: VALOR TOTAL I.V.A. INCLUIDO
B28: 5 | C28: Jaguar | D28: 2773 | F28: =+ROUND(E28*0.16,0) -> 0 | G28: =+ROUND(E28+F28,0) -> 0 | H28: =ROUND(E28*D28,0) -> 0 | I28: =ROUND(H28*0.16,0) -> 0 | J28: =+I28+H28 -> 0
B29: 6 | C29: Oso de anteojos | D29: 2773 | F29: =+ROUND(E29*0.16,0) -> 0 | G29: =+ROUND(E29+F29,0) -> 0 | H29: =ROUND(E29*D29,0) -> 0 | I29: =ROUND(H29*0.16,0) -> 0 | J29: =+I29+H29 -> 0
B30: 7 | C30: Paujil | D30: 2773 | F30: =+ROUND(E30*0.16,0) -> 0 | G30: =+ROUND(E30+F30,0) -> 0 | H30: =ROUND(E30*D30,0) -> 0 | I30: =ROUND(H30*0.16,0) -> 0 | J30: =+I30+H30 -> 0
B31: 8 | C31: Mariposa emperador | D31: 2773 | F31: =+ROUND(E31*0.16,0) -> 0 | G31: =+ROUND(E31+F31,0) -> 0 | H31: =ROUND(E31*D31,0) -> 0 | I31: =ROUND(H31*0.16,0) -> 0 | J31: =+I31+H31 -> 0
B32: 9 | C32: Pulpo | D32: 2773 | F32: =+ROUND(E32*0.16,0) -> 0 | G32: =+ROUND(E32+F32,0) -> 0 | H32: =ROUND(E32*D32,0) -> 0 | I32: =ROUND(H32*0.16,0) -> 0 | J32: =+I32+H32 -> 0
B33: 10 | C33: Vaca | D33: 2773 | F33: =+ROUND(E33*0.16,0) -> 0 | G33: =+ROUND(E33+F33,0) -> 0 | H33: =ROUND(E33*D33,0) -> 0 | I33: =ROUND(H33*0.16,0) -> 0 | J33: =+I33+H33 -> 0
B34: TOTAL MASCARAS | G34: =SUM(G28:G33) -> 0 | H34: =SUM(H28:H33) -> 0 | I34: =SUM(I28:I33) -> 0 | J34: =SUM(J28:J33) -> 0
B35: JUEGOS | D35: CANTIDAD | E35: VALOR UNITARIO POR KIT SIN I.V.A | F35: I.V.A. UNITARIO | G35: VALOR UNITARIO I.V.A. INCLUIDO | H35: VALOR TOTAL SIN IVA | I35: I.V.A. TOTAL | J35: VALOR TOTAL I.V.A. INCLUIDO
B36: 11 | C36: Juego de Observación | D36: 2773 | F36: =+ROUND(E36*0.16,0) -> 0 | G36: =+ROUND(E36+F36,0) -> 0 | H36: =ROUND(E36*D36,0) -> 0 | I36: =ROUND(H36*0.16,0) -> 0 | J36: =+I36+H36 -> 0
B37: 12 | C37: Juego de fichas de construcción | D37: 2773 | F37: =+ROUND(E37*0.16,0) -> 0 | G37: =+ROUND(E37+F37,0) -> 0 | H37: =ROUND(E37*D37,0) -> 0 | I37: =ROUND(H37*0.16,0) -> 0 | J37: =+I37+H37 -> 0
B38: TOTAL JUEGOS | G38: =SUM(G36:G37) -> 0 | H38: =SUM(H36:H37) -> 0 | I38: =SUM(I36:I37) -> 0 | J38: =SUM(J36:J37) -> 0
B39: 13 | C39: Empaque colectivo | D39: 2773 | F39: =+ROUND(E39*0.16,0) -> 0 | G39: =+ROUND(E39+F39,0) -> 0 | H39: =ROUND(E39*D39,0) -> 0 | I39: =ROUND(H39*0.16,0) -> 0 | J39: =+I39+H39 -> 0
B40: 14 | C40: Cartilla Guia pedagogica | D40: 2773 | F40: =+ROUND(E40*0.16,0) -> 0 | G40: =+ROUND(E40+F40,0) -> 0 | H40: =ROUND(E40*D40,0) -> 0 | I40: =ROUND(H40*0.16,0) -> 0 | J40: =+I40+H40 -> 0
B41: 15 | C41: Sticker empaque colectivo | D41: 2773 | F41: =+ROUND(E41*0.16,0) -> 0 | G41: =+ROUND(E41+F41,0) -> 0 | H41: =ROUND(E41*D41,0) -> 0 | I41: =ROUND(H41*0.16,0) -> 0 | J41: =+I41+H41 -> 0
B42: TOTAL ADCIONALES DEL KIT | G42: =SUM(G39:G41) -> 0 | H42: =SUM(H39:H41) -> 0 | I42: =SUM(I39:I41) -> 0 | J42: =SUM(J39:J41) -> 0
A43: TOTAL COSTO ELEMENTOS ZONA 6 | G43: =SUM(G26,G34,G38,G42) -> 0 | H43: =SUM(H26,H34,H38,H42) -> 0 | I43: =SUM(I26,I34,I38,I42) -> 0 | J43: =SUM(J26,J34,J38,J42) -> 0
A45: DISTRIBUCIÓN ZONA 6
A46: DEPARTAMENTO | C46: CANTIDAD | D46: COSTO UNITARIO DE DISTRIBUCIÓN | E46: COSTO TOTAL DE DISTRIBUCIÓN
A47: AMAZONAS | C47: 25 | E47: =+D47*C47 -> 0
A48: CALDAS | C48: 593 | E48: =+D48*C48 -> 0
A49: QUINDIO | C49: 675 | E49: =+D49*C49 -> 0
A50: RISARALDA | C50: 887 | E50: =+D50*C50 -> 0
A51: TOLIMA | C51: 593 | E51: =+D51*C51 -> 0
A52: TOTAL CANTIDAD KITS ZONA 6 | C52: =SUM(C47:C51) -> 2773
A53: TOTAL COSTO DE DISTRIBUCIÓN ZONA 6 | E53: =SUM(E47:E51) -> 0
A57: RESUMEN TOTAL COSTOS KITS POR DEPARTAMENTO
A58: DEPARTAMENTO | C58: CANTIDAD KITS | D58: Elementos | F58: Distribución | H58: Costo Total kits por Departamento
D59: Costo unitario IVA incluido | E59: Costo total IVA incluido | F59: Costo IVA incluido | G59: Costo total IVA incluido
A60: AMAZONAS | C60: 25 | D60: =+$G$43 -> 0 | E60: =+D60*C60 -> 0 | F60: =+D47 -> 0 | G60: =+F60*C60 -> 0 | H60: =+G60+E60 -> 0
A61: CALDAS | C61: 593 | D61: =+$G$43 -> 0 | E61: =+D61*C61 -> 0 | F61: =+D48 -> 0 | G61: =+F61*C61 -> 0 | H61: =+G61+E61 -> 0
A62: QUINDIO | C62: 675 | D62: =+$G$43 -> 0 | E62: =+D62*C62 -> 0 | F62: =+D49 -> 0 | G62: =+F62*C62 -> 0 | H62: =+G62+E62 -> 0
A63: RISARALDA | C63: 887 | D63: =+$G$43 -> 0 | E63: =+D63*C63 -> 0 | F63: =+D50 -> 0 | G63: =+F63*C63 -> 0 | H63: =+G63+E63 -> 0
A64: TOLIMA | C64: 616 | D64: =+$G$43 -> 0 | E64: =+D64*C64 -> 0 | F64: =+D51 -> 0 | G64: =+F64*C64 -> 0 | H64: =+G64+E64 -> 0
A65: COSTO TOTAL DE KITS ZONA 6 | E65: =SUM(E60:E64) -> 0 | G65: =SUM(G60:G64) -> 0 | H65: =SUM(H60:H64) -> 0
A69: La presente Cotización incluye todos los costos directos e indirectos en que incurra la empresa contratista durante la ejecución del contrato. Así mismo esta cotización cuenta con las obligaciones tributarias de acuerdo con las normas aplicables para el tipo de servicio y contrato correspondiente, y los costos de las pólizas.
A70: La presente cotización incluye todos los gastos para cumplir cabalmente con el contrato, de acuerdo con las especificaciones de la Ficha Técnica del Servicio.
A71: La presente cotización se remite como parte del estudio de mercado, previo a la contratación, y no implica ninguna obligación de contratar.

Sheet POLIZAS
B9: CONCEPTOS A TENER EN CUENTA
B12: El presente cuadro es de carácter informativo, no se debe diligenciar. Sin embargo se entiende que la cotización incluye la totalidad de los conceptos relacionados a continuación.
B14: POLIZAS PARA LEGALIZACIÓN DEL CONTRATO
B16: CONCEPTO | D16: COBERTURA | E16: PLAZO (En Meses)
B17: Garantía de Seriedad de la oferta | D17: 0.1 | E17: Plazo de Ejecución
B18: Cumplimiento | D18: 0.2 | E18: Plazo de ejecución + 4 meses mas
B19: Salarios, Prestaciones | D19: 0.1 | E19: Plazo de ejecución + 36 meses mas
B20: Calidad de los Servicios | D20: 0.2 | E20: Plazo de ejecución + 4 meses mas
B21: Responsabilidad civil extracontraactual | D21: 0.1 | E21: Plazo de Ejecución
B23: El valor a cubrir corresponde al costo total del servicio
